 Dungeon Crawl Stone Soup version 0.27-a0-279-gdfb9265905 (webtiles) character file.

Game seed: 12568931603122516380

2545 namelastname112 the Skirmisher (level 9, -7/79 HPs)
             Began as a Black Draconian Delver on Feb 7, 2021.
             Was an Initiate of Gozag.
             Blown up by an orb spider (50 damage)
             ... with an orb of destruction
             ... on level 8 of the Dungeon.
             The game lasted 00:14:16 (10142 turns).

namelastname112 the Skirmisher (DrDe)              Turns: 10142, Time: 00:14:17

Health: -7/79      AC:  7    Str: 14    XL:     9   Next: 30%
Magic:  9/9        EV: 15    Int: 11    God:    Gozag
Gold:   774        SH:  0    Dex: 16    Spells: 8/8 levels left

rFire    . . .     SeeInvis .   t - +2 dagger (elec)
rCold    . . .     Faith    .   (no shield)
rNeg     . . .     Spirit   .   (armour unavailable)
rPois    .         Reflect  .   (helmet restricted)
rElec    +         Harm     .   (no cloak)
rCorr    .         Rampage  .   (no gloves)
Will     .....                  (no boots)
Stlth    +++.......             (no amulet)
HPRegen  0.23/turn              (no ring)
MPRegen  0.11/turn              (no ring)

@: no status effects
A: breathe lightning, unfitting armour, electricity resistance, cold-blooded, AC
+7
a: Breathe Lightning, Renounce Religion, Potion Petition, Call Merchant, Bribe
Branch


You were on level 8 of the Dungeon.
You worshipped Gozag.
Gozag was pleased with you.
You visited 1 branch of the dungeon, and saw 8 of its levels.
You also visited: Sewer.

You collected 1012 gold pieces.
You spent 196 gold pieces at shops.
You paid 42 gold pieces to Gozag.

Inventory:

Hand Weapons
 a - a +0 falchion
 h - a +1 flail of holy wrath
 t - a +2 dagger of electrocution (weapon)
Missiles
 g - 44 poisoned darts (quivered)
 v - 4 curare-tipped darts
 A - an atropa-tipped dart
 G - 2 throwing nets
Armour
 C - a +0 buckler
Magical Staves
 q - an uncursed staff of cold
Wands
 f - a wand of digging (4)
 r - a wand of flame (27)
 y - a wand of iceblast (10)
 B - a wand of random effects (13)
 F - a wand of polymorph (5)
 H - a wand of charming (5)
Scrolls
 b - 3 scrolls of fog
 c - 4 scrolls of magic mapping
 d - 4 scrolls of fear
 i - 5 scrolls of teleportation
 j - 2 scrolls of remove curse
 n - a scroll of identify
 p - 2 scrolls of amnesia
 x - 2 scrolls of enchant weapon
 E - a scroll of immolation
Potions
 e - 3 potions of haste
 k - 3 potions of invisibility
 l - 2 potions of flight
 m - a potion of attraction
 o - a potion of heal wounds
 s - a potion of magic
 u - 3 potions of ambrosia
 w - 5 potions of curing
 z - a potion of mutation
 D - a potion of cancellation


   Skills:
 + Level 7.1 Fighting
 + Level 4.4(5.0) Short Blades
 - Level 3.6(4.6) Long Blades
 + Level 4.5 Throwing
 + Level 5.4 Dodging
 + Level 6.5 Stealth
 + Level 3.4 Shields


You had 8 spell levels left.
You didn't know any spells.
Your spell library was empty.

Dungeon Overview and Level Annotations

Branches:
Dungeon (8/15)             Temple (0/1) D:6           Sewer (visited)
   Lair: D:8-11

Altars:
Ashenzari
Gozag
Kikubaaqudgha
Nemelex Xobeh
Uskayaw
Wu Jian
The Shining One

Shops:
D:4 !

Annotations:
D:6 1 runed translucent door, SamuraiZach's ghost, novice MiFi


Innate Abilities, Weirdness & Mutations

You can breathe wild blasts of lightning.
Your glossy black scales are hard. (AC +7)
You cannot fit into any form of body armour.
You are resistant to electric shocks. (rElec)
You are cold-blooded and may be slowed by cold attacks.


Message History

Aim: an orb spider (65% to hit)
You throw a poisoned dart! The poisoned dart hits the orb spider!
The orb spider is poisoned!
The orb spider spins a strand of pure energy!
Throw: 45 darts (poison)
Press: ? - help, Q - select action, (/) - cycle Shift-Dir - straight line, f/p - orb spider
Aim: an orb spider (lightly wounded, fully charged, poisoned, 65% to hit)
You throw a poisoned dart!
The poisoned dart barely misses the orb spider!
The orb spider weaves a glowing orb of energy!
An orb of destruction comes into view!
Okay, then!
Okay, then!
Aiming: Dig
Press: ? - help, Shift-Dir - straight line, p - orb spider A rock wall!
The rock shatters into small pieces!
The orb of destruction hits you!!!!!!!!!
DANG rip

#.............
#......##+##.#
#......+ ...
##......## ..
#...........
#.###........ #.#
#........
#.###........
#.@##........
#○#.#...##...
#○##.#####.#.##....
#s#......#.........
#.#....(((...##....
#.'..........##....
#.#.........(##....
#(...........''....
#.##+##+#....##....


You could see an orb spider (poisoned).

Vanquished Creatures
  Sigmund (D:5)
  Edmund (D:5)
  A necrophage (D:7)
  3 centaurs
  A scorpion (D:4)
  6 killer bees
  3 wights (D:7)
  3 electric eels (D:7)
  A quasit (D:7)
  2 jellies
  6 hounds
  A bullfrog skeleton (D:6)
  3 orc priests
  A centaur skeleton (D:8)
  Jessica (D:3)
  5 iguanas
  Terence (D:2)
  7 orc wizards
  7 worker ants
  2 hound skeletons
  2 howler monkey skeletons (D:4)
  10 gnolls
  8 adders
  4 shadow imps
  2 ufetubi
  7 oozes
  An adder skeleton (D:7)
  6 worms
  2 dart slugs
  8 leopard geckos
  16 orcs
  3 ball pythons (Sewer)
  15 bats
  10 giant cockroaches
  11 goblins
  5 hobgoblins
  6 jackals
  7 kobolds
  3 frilled lizards
  A leopard gecko zombie (D:7)
  2 quokka skeletons
  5 rats
190 creatures vanquished.

Vanquished Creatures (others)
  9 plants (D:7)
9 creatures vanquished.

Grand Total: 199 creatures vanquished

Notes
Turn   | Place    | Note
-------+----------+-------------------------------------------
     0 | D:5      | namelastname112 the Draconian Delver began the quest for
                  | the Orb.
     0 | D:5      | Reached XP level 1. HP: 19/19 MP: 1/1
    24 | D:5      | Reached XP level 2. HP: 21/26 MP: 2/2
   322 | D:6      | Reached XP level 3. HP: 10/33 MP: 3/3
   596 | D:6      | Reached skill level 4 in Fighting
   692 | D:6      | Reached skill level 1 in Throwing
   692 | D:6      | Reached XP level 4. HP: 38/40 MP: 4/4
  1096 | D:4      | Reached XP level 5. HP: 31/47 MP: 5/5
  1230 | D:3      | Noticed a -1 hand axe
  1231 | D:3      | Found a hide-covered altar of Uskayaw.
  1231 | D:3      | Noticed a +0 hand axe
  1500 | D:3      | Found a glowing drain.
  1508 | Sewer    | Entered a sewer
  2786 | D:3      | Noticed Jessica
  2795 | D:3      | Killed Jessica
  3207 | D:2      | Reached XP level 6. HP: 55/55 MP: 6/6
  3444 | D:2      | Found an opulent altar of Gozag.
  3559 | D:2      | Noticed Terence
  3571 | D:2      | Killed Terence
  3572 | D:2      | Reached skill level 5 in Fighting
  3782 | D:2      | Found a sparkling altar of Nemelex Xobeh.
  3839 | D:2      | Became a worshipper of Gozag Ym Sagoz the Greedy
  4393 | D:1      | Reached skill level 1 in Short Blades
  4438 | D:1      | Noticed a swamp drake
  4438 | D:1      | Noticed an anaconda
  5119 | D:4      | Found an ancient bone altar of Kikubaaqudgha.
  5126 | D:4      | Found a broken altar of Ashenzari.
  5127 | D:4      | Found a glowing golden altar of the Shining One.
  5129 | D:4      | Found an ornate altar of the Wu Jian Council.
  5131 | D:4      | Found a sparkling altar of Nemelex Xobeh.
  5185 | D:4      | Found Antog's Distillery.
  5193 | D:4      | Bought a potion of heal wounds for 70 gold pieces
  5193 | D:4      | Bought a potion of curing for 42 gold pieces
  5193 | D:4      | Bought a potion of curing for 42 gold pieces
  5193 | D:4      | Bought a potion of curing for 42 gold pieces
  5249 | D:4      | Your scales start taking on a glossy black colour.
  5249 | D:4      | Reached XP level 7. HP: 61/61 MP: 7/7
  5249 | D:4      | Gained mutation: You are resistant to electric shocks.
                  | (rElec) [Black Draconian growth]
  5518 | D:5      | Reached skill level 5 in Stealth
  6181 | D:5      | Noticed Edmund
  6202 | D:5      | Killed Edmund
  6272 | D:5      | Noticed Sigmund
  6275 | D:5      | Killed Sigmund
  6276 | D:5      | Reached skill level 6 in Fighting
  6276 | D:5      | Reached skill level 1 in Shields
  6276 | D:5      | Reached XP level 8. HP: 70/70 MP: 8/8
  6646 | D:6      | Found a staircase to the Ecumenical Temple.
  6734 | D:6      | Found a runed translucent door.
  6737 | D:6      | Noticed SamuraiZach's ghost (novice MiFi)
  7946 | D:7      | Reached skill level 5 in Dodging
  8316 | D:7      | Reached XP level 9. HP: 55/77 MP: 9/9
  9291 | D:8      | Reached skill level 7 in Fighting
 10117 | D:8      | Noticed a two-headed ogre
 10137 | D:8      | Noticed an orb spider
 10137 | D:8      | a two-headed ogre changed into an orb spider
 10142 | D:8      | Blown up by an orb spider

Illustrated notes

Levels and vault maps discovered:
D:1:      onia_arrival_zoo_common, layout_loops_corners
D:2:      layout_rooms, lemuel_crystal_altar, nemelex_dance_club_becter,
          uniq_terence
D:3:      layout_loops_ring, dancing_weapons_uskayaw, gup_sewer_entry_pipe,
          uniq_jessica
D:4:      layout_rooms, minitemple, serial_shops, shop
D:5:      layout_loops_ring, sigmund_edmund_badplayer
D:6:      layout_basic, minmay_temple_entry_waves,
          hellmonk_ghost_happy_afterlife
D:7:      layout_gridville, serial_bayou, serial_bayou_pond_d,
          serial_bayou_pond_b, serial_bayou_shore_b, serial_bayou_lagoon_a,
          serial_bayou_crossing, supply_closet_lemuel, feat_on_display
D:8:      layout_basic, amcnicky_mini_rare_corridor_liquid

Skill      XL: |  1  2  3  4  5  6  7  8  9 |
---------------+----------------------------+-----
Dodging        | 2 3 4 5 |  5.4
Fighting       | 4 5 6 7 |  7.1
Long Blades    | 3 |  3.6
Throwing       | 1 2 3 4 |  4.5
Short Blades   | 1 2 3 4 |  4.4
Stealth        | 5 6 |  6.5
Shields        | 1 2 3 |  3.4

Action                   |  1- 3 |  4- 6 |  7- 9 || total
-------------------------+-------+-------+-------++-------
Melee: Falchion          |    14 |   183 |       ||   197
       Tailslap          |     3 |    53 |    36 ||    92
       Dagger            |       |   134 |   283 ||   417
Throw: Dart              |    14 |    15 |    19 ||    48
 Abil: Breathe Lightning |       |       |     1 ||     1
Evoke: Wand              |       |       |     7 ||     7
  Use: Potion            |       |     1 |       ||     1
       Scroll            |       |     9 |     6 ||    15
 Stab: Sleeping          |     3 |    18 |    10 ||    31
       Distracted        |       |     1 |     5 ||     6
       Invisible         |       |       |     1 ||     1
Armor: Skin              |     1 |   102 |    70 ||   173
Dodge: Dodged            |    11 |   272 |   205 ||   488
       Rpst.: Falchion   |     4 |    64 |       ||    68

Table legend: (Time is in decaauts)
 A = Elapsed time spent in this place.
 B = Non-inter-level travel time spent in this place.
 C = Inter-level travel time spent in this place.
 D = Time resting spent in this place.
 E = Time spent auto-exploring this place.
 F = Levels seen in this place.
 G = Mean time per level.
                   A        B        C        D        E       F      G
               +--------+--------+--------+--------+--------+-----+--------+
         Total |  10288 |  10034 |    254 |   1846 |   6093 |   9 | 1143.1 |
       Dungeon |   9181 |   8927 |    254 |   1612 |   5651 |   8 | 1147.6 |
         Sewer |   1107 |   1107 |      0 |    234 |    441 |   1 | 1107.0 |
               +--------+--------+--------+--------+--------+-----+--------+

Top non-repeatable levels by time:
     D:7: 1780 daAuts
     D:6: 1741 daAuts
     D:5: 1460 daAuts
   Sewer: 1107 daAuts
     D:3: 1094 daAuts
     D:1: 980 daAuts
     D:8: 769 daAuts
     D:2: 682 daAuts
     D:4: 671 daAuts
